 Dungeon Crawl Stone Soup version 0.31-a0-188-g5e087ee2ca (webtiles) character file.

Game seed: 14536150607600972087

1417 qw the Skirmisher (level 8, 0/46 HPs)
             Began as a Deep Elf Hunter on June 22, 2023.
             Was a Follower of Okawaru.
             Slain by a gnoll
             ... wielding a +0 spear
             ... led by a gnoll sergeant
              (2 damage)
             ... on level 6 of the Dungeon.
             The game lasted 00:02:10 (5383 turns).

qw the Skirmisher (Deep Elf Hunter)                 Turns: 5383, Time: 00:02:11

Health: 0/46       AC:  5    Str: 10    XL:     8   Next: 43%
Magic:  11/12      EV: 17    Int: 15    God:    Okawaru [*.....]
Gold:   298        SH:  0    Dex: 18    Spells: 7/7 levels left

rFire   . . .        Y - +2 shortbow
rCold   . . .        (shield currently unavailable)
rNeg    . . .        i - +2 leather armour {Will+}
rPois   .            (no helmet)
rElec   .            (no cloak)
rCorr   .            (no gloves)
SInv    .            (no boots)
Will    +....        (no amulet)
Stlth   +++          (no ring)
HPRegen 0.27/turn    (no ring)
MPRegen 0.13/turn

%: no passive effects
@: about to teleport, heroic
A: no striking features
a: Renounce Religion, Heroism


You were on level 6 of the Dungeon.
You worshipped Okawaru.
Okawaru was aware of your devotion.
You visited 1 branch of the dungeon, and saw 6 of its levels.

You collected 298 gold pieces.


   Skills:
 - Level 3.0(8.0) Fighting
 - Level 12.1(17.1) Ranged Weapons
 + Level 4.8(9.8) Dodging
 - Level 1.2(6.2) Stealth
 + Level 3.9 Invocations


You had 7 spell levels left.
You didn't know any spells.
Your spell library was empty.

Inventory:

Hand Weapons
 Y - a +2 shortbow (weapon)
Armour
 d - a +0 ring mail
 h - a +1 leather armour of cold resistance
 i - a +2 leather armour of willpower (worn)
Wands
 k - a wand of digging (6)
Scrolls
 f - 2 scrolls of identify
 l - 2 scrolls of enchant armour
Potions
 a - a potion of mutation
 c - a potion of enlightenment
 e - 2 potions of resistance
 g - 2 potions of curing
 j - a potion of heal wounds {unknown}
 m - a potion of ambrosia {unknown}

Dungeon Overview and Level Annotations

Branches:
Dungeon (6/15)             Temple (0/1) D:5

Altars:
Okawaru
Xom

Annotations:
D:4 1 runed translucent door, qw's ghost, amateur GrFi
D:5 1 runed translucent door, Crazy Yiuf


Message History

You shoot an arrow. The arrow hits the gnoll!
The gnoll is almost dead.
The gnoll misses you. The gnoll barely misses you.
You shoot an arrow. The arrow hits the gnoll.
You kill the gnoll!
Okawaru accepts your kill. The gnoll misses you.
You shoot an arrow. The arrow closely misses the gnoll.
The gnoll hits you but does no damage. The gnoll barely misses you.
You shoot an arrow. The arrow hits the gnoll!
The gnoll is severely wounded.
Menkaure casts a spell.
Menkaure seems to speed up.
You shoot an arrow. The arrow closely misses the gnoll.
The gnoll hits you from afar with a +0 spear!
The gnoll misses you.
A gnoll comes into view. It is wielding a +0 club.
You shoot an arrow. The arrow barely misses the gnoll.
The gnoll barely misses you.
The gnoll hits you from afar with a +0 spear.
5379 ||| READING scroll of teleportation.
As you read the scroll of teleportation, it crumbles to dust.
You feel strangely unstable. The gnoll hits you with a +0 flail.
The gnoll hits you but does no damage. The gnoll closely misses you.
You shoot an arrow. The arrow hits the gnoll!
You kill the gnoll!
Okawaru accepts your kill. The gnoll hits you but does no damage.
The gnoll completely misses you.
You shoot an arrow. The arrow hits Menkaure.
Menkaure is lightly damaged.
You shoot an arrow. The arrow hits Menkaure!
Menkaure is almost destroyed.
Menkaure misses you. The gnoll closely misses you. x2
You shoot an arrow. The arrow hits Menkaure!
You destroy Menkaure!
Okawaru accepts your kill. The gnoll hits you with a +0 club.
The gnoll hits you from afar with a +0 spear.
You die...

......# ......# #
......# ##..
.#######.).. #. .#
#...# .. .#####....#
.# . ...^....#
##.#... ........#
####.g...# ........#
##..@))# .##.#####
#.(.g.##
....#########...###
.###.......)...#.....
.# #.......)...#...##
.# #.........#...###
.# #.....)...#...# ##
####..###.....#
#.##...#.###


You could see 2 gnolls.

Vanquished Creatures
  Sigmund (D:4)
  Menkaure (D:6)
  A sky beast (D:5)
  An ice beast (D:6)
  An ogre (D:4)
  A phantom (D:6)
  A gnoll sergeant (D:6)
  A bullfrog (D:4)
  A scorpion (D:5)
  4 wights (D:6)
  A jelly (D:5)
  An orc priest (D:4)
  A hound (D:5)
  A sleepcap (D:5)
  Jessica (D:3)
  An iguana (D:5)
  4 orc wizards
  10 adders
  2 gnolls (D:6)
  3 white imps
  4 worms
  10 orcs
  10 endoplasms
  6 giant cockroaches
  6 hobgoblins
  2 jackals (D:2)
  8 kobolds
  8 quokkas
  7 ball pythons
  10 bats
  4 frilled lizards
  8 goblins
  7 rats
128 creatures vanquished.

Notes
Turn   | Place    | Note
-------+----------+-------------------------------------------
     0 | D:1      | qw the Deep Elf Hunter began the quest for the Orb.
     0 | D:1      | Reached XP level 1. HP: 12/12 MP: 3/3
     0 | D:1      | 0 ||| qw: Version: 0.3-a-9-g12657ce
     0 | D:1      | 0 ||| qw: Game counter: 3039
     0 | D:1      | 0 ||| qw: Always use a shield: true
     0 | D:1      | 0 ||| qw: God list: Okawaru
     0 | D:1      | 0 ||| qw: Allow faded altars: false
     0 | D:1      | 0 ||| qw: Do Orc after D:15 true
     0 | D:1      | 0 ||| qw: Do second Lair branch before Depths: true
     0 | D:1      | 0 ||| qw: Lair rune preference: random
     0 | D:1      | 0 ||| qw: Plans: Normal
     0 | D:1      | 0 ||| PLANNING D:1-11
   287 | D:1      | Reached skill level 6 in Ranged Weapons
   287 | D:1      | Reached XP level 2. HP: 16/16 MP: 4/4
   369 | D:1      | Found a faded altar of an unknown god.
   871 | D:1      | 871 ||| READING scroll labelled JUTHAEFOUP.
   872 | D:1      | 872 ||| READING scroll labelled OFOALO NIPPEATS.
   875 | D:1      | 875 ||| READING scroll labelled PUPROR SIPAWKU.
   876 | D:1      | 876 ||| DROPPING scroll of butterflies.
   923 | D:2      | Reached XP level 3. HP: 20/20 MP: 5/5
   948 | D:2      | Identified the +6 quarterstaff of Corporal Punishment
                  | {venom, rC+ Str+4 Dex-5}
   959 | D:2      | Reached skill level 7 in Ranged Weapons
  1129 | D:2      | 1129 ||| FLEEEEING.
  1130 | D:2      | 1130 ||| FLEEEEING.
  1131 | D:2      | 1131 ||| FLEEEEING.
  1133 | D:2      | 1133 ||| FLEEEEING.
  1134 | D:2      | 1134 ||| FLEEEEING.
  1135 | D:2      | 1135 ||| FLEEEEING.
  1136 | D:2      | 1136 ||| FLEEEEING.
  1137 | D:2      | 1137 ||| FLEEEEING.
  1138 | D:2      | 1138 ||| FLEEEEING.
  1139 | D:2      | 1139 ||| FLEEEEING.
  1141 | D:2      | 1141 ||| FLEEEEING.
  1142 | D:2      | 1142 ||| FLEEEEING.
  1143 | D:2      | 1143 ||| FLEEEEING.
  1159 | D:2      | Reached XP level 4. HP: 25/25 MP: 6/6
  1228 | D:2      | Found a shimmering altar of Xom.
  1619 | D:2      | 1619 ||| UPGRADING to +0 ring mail.
  1629 | D:2      | 1629 ||| DROPPING +0 leather armour.
  1630 | D:2      | 1630 ||| READING scroll labelled ENUKECOQOCW.
  1631 | D:2      | 1631 ||| READING scroll labelled CIZUDOILUS.
  1632 | D:2      | 1632 ||| DRINKING 2 fuming amethyst potions.
  1633 | D:2      | 1633 ||| DRINKING 2 puce potions.
  1849 | D:3      | Reached skill level 8 in Ranged Weapons
  1865 | D:3      | HP: 6/25 [poisoned by an adder]
  1867 | D:3      | HP: 2/25 [poisoned by an adder]
  1869 | D:3      | 1869 ||| DRINKING potion of curing.
  1869 | D:3      | 1869 ||| (to cure poison)
  1978 | D:3      | HP: 6/25 [poisoned by a kobold]
  2282 | D:3      | Reached XP level 5. HP: 29/29 MP: 7/7
  2452 | D:3      | Noticed Jessica
  2465 | D:3      | Killed Jessica
  2734 | D:3      | 2734 ||| UPGRADING to +1 leather armour of cold resistance.
  2744 | D:3      | 2744 ||| DROPPING ring of wizardry.
  2745 | D:3      | 2745 ||| READING scroll labelled IXAOTT BOTUAS.
  2746 | D:3      | 2746 ||| DRINKING 2 emerald potions.
  2786 | D:3      | 2786 ||| READING 2 scrolls of identify.
  2786 | D:3      | 2786 ||| IDENTIFYING brown potion
  2787 | D:3      | 2787 ||| DROPPING potion of lignification.
  2996 | D:4      | Reached skill level 9 in Ranged Weapons
  3160 | D:4      | Found a runed translucent door.
  3161 | D:4      | Noticed qw's ghost (amateur GrFi)
  3193 | D:4      | HP: 7/29 [orc priest/divine providence (13)]
  3194 | D:4      | 3194 ||| READING 2 scrolls of teleportation.
  3198 | D:4      | Reached skill level 3 in Dodging
  3437 | D:4      | Found an iron altar of Okawaru.
  3438 | D:4      | 3438 ||| PLANNING OKAWARU WORSHIP
  3438 | D:4      | 3438 ||| READING scroll labelled PEWESCHIRCHA.
  3439 | D:4      | 3439 ||| READING scroll labelled INOOLA JOING.
  3497 | D:4      | Became a worshipper of Warmaster Okawaru
  3498 | D:4      | 3498 ||| PLANNING D:1-11
  3659 | D:4      | Noticed an ogre
  3667 | D:4      | Killed an ogre
  3668 | D:4      | Reached XP level 6. HP: 36/36 MP: 8/8
  3878 | D:5      | Entered Level 5 of the Dungeon
  3878 | D:5      | Noticed Sigmund
  3884 | D:5      | 3884 ||| STAIRDANCE
  3888 | D:4      | Killed Sigmund
  3889 | D:4      | Reached skill level 10 in Ranged Weapons
  3889 | D:4      | Reached XP level 7. HP: 37/40 MP: 9/9
  3922 | D:5      | Reached * piety under Okawaru
  4120 | D:5      | 4120 ||| DRINKING potion of curing.
  4120 | D:5      | 4120 ||| (to cure confusion)
  4165 | D:5      | 4165 ||| INVOKING Heroism.
  4293 | D:5      | 4293 ||| INVOKING Heroism.
  4345 | D:5      | Found a runed translucent door.
  4346 | D:5      | Noticed Crazy Yiuf
  4389 | D:5      | Found a staircase to the Ecumenical Temple.
  4568 | D:5      | Reached skill level 11 in Ranged Weapons
  4634 | D:5      | 4634 ||| UPGRADING to +2 leather armour of willpower.
  4644 | D:5      | 4644 ||| READING 2 scrolls labelled VEULICSI KUCHI.
  4645 | D:5      | 4645 ||| DRINKING 2 cyan potions.
  4646 | D:5      | 4646 ||| READING 2 scrolls of identify.
  4646 | D:5      | 4646 ||| IDENTIFYING ruby potion
  4647 | D:5      | 4647 ||| DROPPING potion of brilliance.
  4648 | D:5      | 4648 ||| DROPPING scroll of vulnerability.
  4666 | D:6      | 4666 ||| STAIRDANCE
  4818 | D:6      | 4818 ||| FLEEEEING.
  4819 | D:6      | 4819 ||| FLEEEEING.
  4827 | D:6      | 4827 ||| FLEEEEING.
  4828 | D:6      | 4828 ||| STAIRDANCE
  4854 | D:5      | 4854 ||| READING scroll labelled MUNAS UTTIELU.
  4870 | D:6      | 4870 ||| STAIRDANCE
  4931 | D:6      | Reached skill level 1 in Invocations
  4949 | D:6      | 4949 ||| Stepping ~*~*~tactically~*~*~ (outnumbered).
  4951 | D:6      | 4951 ||| Stepping ~*~*~tactically~*~*~ (outnumbered).
  4969 | D:6      | 4969 ||| INVOKING Heroism.
  4983 | D:6      | Reached XP level 8. HP: 14/45 MP: 8/11
  5119 | D:6      | 5119 ||| READING scroll of enchant weapon.
  5119 | D:6      | 5119 ||| ENCHANTING +1 shortbow.
  5165 | D:6      | 5165 ||| INVOKING Heroism.
  5167 | D:6      | Reached skill level 12 in Ranged Weapons
  5301 | D:6      | Reached skill level 3 in Fighting
  5301 | D:6      | Reached skill level 3 in Invocations
  5368 | D:6      | 5368 ||| INVOKING Heroism.
  5371 | D:6      | Noticed Menkaure
  5378 | D:6      | HP: 10/46 [gnoll/+0 spear[a gnoll sergeant] (6)]
  5379 | D:6      | 5379 ||| READING scroll of teleportation.
  5383 | D:6      | Killed Menkaure
  5383 | D:6      | HP: 2/46 [gnoll/+0 club[a gnoll sergeant] (5)]
  5383 | D:6      | Slain by a gnoll

Levels and vault maps discovered:
D:1:      wheals_arrival_shading, layout_loops_corners,
          hellmonk_ecumenical_altar_pennies_from_heaven
D:2:      layout_basic, basic_altar, minmay_misc_feat_columns,
          grunt_ministairs_2, st_stairs_4
D:3:      minmay_bubble_buster, layout_loops_ring, kennysheep_generic_room_11,
          uniq_jessica
D:4:      layout_basic, lemuel_coloured_pillars_altar, gammafunk_ghost_grave
D:5:      layout_basic, minmay_temple_entry_nine_rooms, uniq_sigmund,
          uniq_crazy_yiuf_cottage
D:6:      layout_rooms, uniq_duvessa, uniq_menkaure, uniq_maggie

Skill      XL: |  1  2  3  4  5  6  7  8 |
---------------+-------------------------+-----
Ranged Weapons | 6 7 8 9 10 11 12 | 12.1
Dodging        | 3 4 |  4.8
Fighting       | 2 3 |  3.0
Invocations    | 2 3 |  3.9
Stealth        | |  1.2

Action                     |  1- 3 |  4- 6 |  7- 9 || total
---------------------------+-------+-------+-------++-------
   Fire: Shortbow          |    92 |   216 |   213 ||   521
 Invoke: Heroism           |       |       |     5 ||     5
    Use: Scroll            |     3 |     7 |     5 ||    15
         Potion            |       |     4 |     2 ||     6
 Armour: Leather armour    |     9 |     7 |    20 ||    36
         Ring mail         |       |    27 |       ||    27
  Dodge: Dodged            |    23 |    61 |    55 ||   139

Table legend:
 A = Non-vault XP
 B = Vault XP
 C = Vault XP percentage of total XP
 D = Non-vault monster count
 E = Vault monster count
 F = Vault count percentage of total count
                 A         B        C        D         E       F
            +---------+---------+-------+---------+---------+-------
      Total |    1703 |     497 |  22.6 |     108 |      20 |  15.6
            +---------+---------+-------+---------+---------+-------
        D:1 |      38 |       0 |   0.0 |      24 |       0 |   0.0
        D:2 |      79 |      16 |  16.8 |      20 |       3 |  13.0
        D:3 |      42 |      83 |  66.4 |      18 |      15 |  45.5
        D:4 |     294 |     223 |  43.1 |      14 |       1 |   6.7
        D:5 |     457 |       0 |   0.0 |      13 |       0 |   0.0
        D:6 |     793 |     175 |  18.1 |      19 |       1 |   5.0
            +---------+---------+-------+---------+---------+-------
